Map: Goldenaura LE

Players

SubN - Winner!

  • Race: Zerg Zerg
  • League: Diamond
  • Spawn Location: 5:00

Jason

  • Race: Zerg Zerg
  • League: Diamond
  • Spawn Location: 12:00

VOD

Have the link to the VOD?

Description

Time

  • Played on: Dec. 26, 2023, 7:22 p.m.
  • Length: 14:46
Show
View Real Time Build Order
Export as new Build Order

SubN Zerg - Winner!

Build Orders: Pool First 

Get SALT Encoding   

  12  0:00  Drone  
  13  0:07  Drone  
  14  0:14  Extractor  
  13  0:28  Spawning Pool  
  12  0:58  Hatchery  
  11  1:15  Queen  
  13  1:26  Metabolic Boost  
  13  1:34  Overlord  
  13  1:40  Zergling x2  
  14  1:53  Zergling x2  
  14  1:54  Zergling x2  
  16  1:57  Zergling x2  
  17  2:11  Queen  
  17  2:13  Zergling x2  
  20  2:18  Zergling x2  
  20  2:21  Zergling x2  
  22  2:30  Zergling x4  
  22  2:35  Zergling x2  
  25  2:40  Zergling x2  
  26  2:50  Overlord  
  26  2:58  Zergling x2  
  26  2:59  Zergling x2  
  21  3:36  Zergling x2  
  21  3:37  Zergling x14  
  23  3:43  Zergling x2  
  23  3:45  Zergling x2  
  25  3:51  Drone  
  25  3:55  Drone  
  27  4:00  Drone  
  24  4:30  Drone x7  
  27  4:47  Drone  
  27  4:48  Evolution Chamber  
  27  4:49  Evolution Chamber  
  26  4:58  Roach Warren  
  25  5:03  Drone x3  
  28  5:10  Drone x3  
  31  5:23  Drone x2  
  31  5:25  Drone x3  
  36  5:33  Extractor  
  36  5:34  Extractor  
  36  5:35  Drone x2  
  36  5:38  Overlord  
  36  5:39  Overlord  
  36  5:51  Overlord x2  
  36  5:56  Queen  
  38  5:57  Drone x2  
  38  5:58  Drone  
  41  6:05  Drone x3  
  41  6:10  Drone  
  45  6:11  Drone x2  
  45  6:13  Drone  
  48  6:20  Lair  
  48  6:23  Drone  
  49  6:34  Drone  
  49  6:36  Overlord x2  
  49  6:38  Zerg Missile Weapons Level 1  
  50  6:47  Extractor  
  49  6:58  Hatchery  
  49  6:59  Zerg Ground Armor Level 1  
  49  7:06  Roach  
  49  7:07  Roach x2  
  55  7:13  Drone  
  55  7:14  Drone x3  
  59  7:17  Extractor  
  59  7:18  Glial Reconstitution  
  58  7:26  Overlord  
  58  7:27  Drone x2  
  58  7:28  Drone x6  
  66  7:37  Roach  
  66  7:38  Roach x3  
  74  7:48  Drone x2  
  76  7:55  Roach x3  
  76  7:57  Overlord  
  82  8:04  Drone x2  
  82  8:05  Drone x2  
  86  8:10  Queen  
  88  8:20  Drone x3  
  88  8:24  Drone, Extractor  
  88  8:26  Drone x2  
  88  8:27  Drone  
  94  8:28  Drone  
  94  8:31  Overlord x3  
  95  8:37  Roach x2  
  95  8:38  Zerg Missile Weapons Level 2  
  99  8:44  Drone  
  99  8:45  Drone x2  
  102  8:49  Extractor  
  102  8:52  Roach x2  
  105  8:56  Zerg Ground Armor Level 2  
  105  9:02  Roach x4  
  115  9:03  Roach  
  115  9:06  Hatchery  
  114  9:11  Drone x5  
  114  9:16  Ravager  
  120  9:17  Ravager x6  
  120  9:19  Overlord x5  
  120  9:22  Overseer  
  126  9:28  Roach  
  126  9:29  Roach  
  130  9:31  Overlord  
  130  9:46  Roach x8  
  146  9:54  Roach x3  
  146  9:55  Roach  
  150  10:02  Roach x2  
  150  10:03  Roach  
  153  10:11  Roach x3  
  153  10:12  Roach x4  
  165  10:25  Roach x4  
  165  10:26  Queen  
  154  10:33  Roach x4  
  139  10:42  Roach x2  
  139  10:43  Roach x8  
  145  10:51  Roach x2  
  145  10:52  Roach x2  
  145  10:55  Roach  
  145  11:05  Roach x6  
  145  11:11  Roach x2  
  145  11:12  Roach x5  
  135  11:31  Roach  
  135  11:32  Roach x6  
  147  11:33  Ravager  
  147  11:34  Ravager x5  
  153  11:41  Drone x3, Extractor  
  153  11:42  Drone x3, Extractor  
  153  11:44  Drone x6  
  163  11:50  Infestation Pit  
  162  11:57  Roach x3  
  168  12:03  Overlord x5  
  168  12:04  Overlord  
  168  12:13  Hatchery  
  144  12:21  Roach x10  
  144  12:22  Roach x3  
  154  12:34  Roach  
  157  12:37  Zergling x16  
  157  12:38  Zergling x6  
  167  12:44  Ravager x5  
  167  12:45  Ravager x2  
  167  12:46  Ravager  
  167  12:47  Ravager x4  
  167  12:50  Roach x4  
  187  12:56  Roach x4  
  195  13:02  Roach x2  
  187  13:19  Roach x12  
  152  13:37  Roach  
  152  13:38  Roach x10  
  152  13:41  Queen  
  149  13:42  Roach x2  
  149  13:44  Ravager x4  
  149  13:46  Roach x2  
  149  13:47  Roach  
  165  13:57  Roach x2  
  165  13:58  Roach x3  
  173  14:03  Overseer x2  
  173  14:06  Roach x3  
  173  14:07  Roach  
  169  14:12  Roach x5  
  169  14:16  Roach  
  158  14:21  Roach x6  
  158  14:22  Roach  
Show
View Real Time Build Order
Export as new Build Order

Jason Zerg 

Build Orders: Hatch First 

Get SALT Encoding   

  12  0:00  Drone  
  13  0:12  Overlord  
  13  0:20  Drone  
  14  0:31  Drone x2  
  16  0:48  Hatchery  
  15  0:55  Drone x2  
  17  1:00  Drone  
  18  1:11  Extractor  
  17  1:15  Spawning Pool  
  16  1:25  Drone x2  
  18  1:28  Drone  
  19  1:48  Drone  
  19  1:51  Overlord  
  20  2:03  Zergling x2  
  20  2:04  Zergling x2, Queen x2  
  26  2:17  Drone  
  26  2:18  Drone  
  28  2:23  Drone x2  
  28  2:25  Metabolic Boost  
  30  2:33  Drone x2  
  32  2:38  Baneling Nest  
  32  2:43  Queen  
  33  2:46  Zergling x2  
  33  2:47  Zergling x2  
  34  2:52  Spine Crawler  
  33  2:59  Zergling x2  
  33  3:00  Zergling x2  
  34  3:09  Zergling x4  
  32  3:12  Zergling x2  
  32  3:13  Zergling x4  
  32  3:16  Zergling x6  
  33  3:22  Baneling  
  33  3:24  Zergling x2  
  30  3:29  Zergling x2  
  29  3:40  Zergling x6  
  29  3:42  Baneling x2  
  29  3:43  Drone  
  30  3:49  Baneling x2  
  30  3:50  Drone  
  30  3:53  Drone  
  32  4:17  Zergling x8  
  33  4:31  Overlord  
  33  4:32  Overlord x3  
  33  4:43  Baneling  
  33  4:44  Baneling  
  33  4:49  Queen  
  33  4:52  Drone x3  
  38  4:55  Drone  
  38  4:59  Drone  
  40  5:00  Drone  
  41  5:08  Drone  
  41  5:09  Drone x2  
  41  5:13  Drone x2  
  46  5:15  Drone  
  46  5:17  Drone  
  46  5:19  Drone  
  49  5:32  Roach Warren  
  49  5:34  Evolution Chamber  
  47  5:37  Evolution Chamber  
  46  5:47  Queen  
  48  5:50  Drone  
  48  5:51  Drone x5  
  48  5:53  Extractor  
  48  5:55  Extractor  
  52  6:13  Drone  
  52  6:14  Drone x2  
  52  6:15  Drone  
  52  6:17  Lair  
  56  6:34  Roach  
  56  6:35  Overlord  
  56  6:36  Overlord x4  
  58  6:40  Hatchery  
  58  6:42  Zerg Missile Weapons Level 1  
  57  6:58  Drone x7  
  64  7:16  Roach  
  64  7:17  Roach x7  
  80  7:24  Drone  
  80  7:33  Drone x2  
  82  7:46  Roach x7  
  96  7:56  Drone  
  96  7:58  Drone x2  
  98  8:04  Drone  
  100  8:14  Drone  
  100  8:15  Drone x2  
  103  8:29  Drone x3, Extractor  
  103  8:30  Drone  
  103  8:31  Overlord x5, Extractor  
  103  8:32  Overlord x2  
  105  8:36  Extractor  
  104  8:48  Drone x2  
  106  8:56  Hatchery  
  106  9:01  Roach x4  
  106  9:02  Roach x7  
  127  9:05  Roach x2  
  131  9:10  Roach  
  131  9:15  Drone  
  134  9:24  Drone, Hydralisk Den  
  133  9:25  Roach  
  133  9:26  Roach x9  
  133  9:28  Overlord  
  133  9:30  Overlord  
  154  9:34  Overlord  
  154  9:41  Zerg Missile Weapons Level 2  
  154  9:42  Zerg Ground Armor Level 1  
  154  9:46  Drone  
  154  9:47  Drone x2  
  154  9:49  Drone  
  149  10:01  Roach x8  
  149  10:02  Roach  
  149  10:03  Glial Reconstitution  
  167  10:08  Hydralisk x3  
  167  10:12  Grooved Spines  
  141  10:32  Roach x11  
  143  10:36  Hydralisk  
  143  10:40  Hydralisk x2  
  127  10:54  Roach x5  
  127  10:55  Roach x5  
  137  11:02  Roach x4  
  137  11:03  Muscular Augments  
  135  11:05  Roach  
  125  11:15  Roach x6  
  129  11:20  Roach  
  129  11:21  Roach x4  
  131  11:33  Hydralisk x5  
  141  11:44  Ravager  
  142  11:50  Hydralisk  
  142  11:51  Hydralisk x7  
  158  12:04  Zerg Ground Armor Level 2  
  158  12:08  Infestation Pit  
  157  12:13  Hydralisk  
  157  12:14  Hydralisk x6  
  147  12:23  Hydralisk x4  
  155  12:42  Roach x6  
  155  12:43  Roach x4  
  175  13:03  Hydralisk  
  175  13:04  Hydralisk x3  
  183  13:07  Overlord x4  
  177  13:17  Roach  
  177  13:18  Roach x8  
  161  13:26  Hydralisk x4  
  138  13:36  Roach x4  
  138  13:48  Roach x6  
  150  13:59  Hatchery  
  143  14:17  Roach x9  
Tags
 
Add a new tag
Caveats
  • Supply blocks, unpowered buildings, or Contaminate may cause inaccurate times.
  • Supply counts are checked every 10 seconds.